 Dungeon Crawl Stone Soup version 0.25-a0-24-g72dcfe0359 (webtiles) character file.

Game seed: 1741825052990242563, levelgen mode: deterministic

74091 duhzwarrior the Bludgeoner (level 15, -8/132 HPs)
             Began as a Naga Fighter on Oct 17, 2019.
             Was the Champion of Zin.
             Killed from afar by a fire giant (52 damage)
             ... with a fireball
             ... on level 1 of the Depths.
             The game lasted 01:57:21 (21750 turns).

duhzwarrior the Bludgeoner (Naga Fighter)          Turns: 21750, Time: 01:57:21

Health: -8/132     AC: 28    Str: 22    XL:     15   Next: 45%
Magic:  24/24      EV:  7    Int: 12    God:    Zin [******]
Gold:   909        SH: 12    Dex: 17    Spells: 12/14 levels left

rFire    . . .     SeeInvis +   a - +5 morningstar of Irelis {crush, MR+ Int+4 Dex+3}
rCold    . . .     Gourm    .   c - +0 shield
rNeg     . . .     Faith    .   E - +0 plate armour
rPois    +         Spirit   .   b - +1 helmet
rElec    .         Reflect  .   W - +0 cloak {MR+}
rCorr    .         Harm     .   o - +1 pair of gloves
MR       +++..                  K - +2 naga barding {Stlth+}
Stlth    ..........             (no amulet)
HPRegen  0.32/turn              D - +3 ring of evasion (curse)
MPRegen  0.19/turn              (no ring)

@: studying Translocations, very slow
A: large, see invisible, deformed body, poison resistance, slowness 2, slow
metabolism 1, spit poison 1, constrict 1, AC +5
a: Spit Poison, Recite, Vitalisation, Imprison, Sanctuary, Donate Gold, Renounce
Religion


You were on level 1 of the Depths.
You worshipped Zin.
Zin was exalted by your worship.
You were hungry.

You visited 2 branches of the dungeon, and saw 16 of its levels.

You collected 2087 gold pieces.
You spent 1008 gold pieces at shops.
You donated 170 gold pieces to Zin.

Inventory:

Hand Weapons
 a - the +5 morningstar of Irelis (weapon) {crush, MR+ Int+4 Dex+3}
   (You found it on level 7 of the Dungeon)

   It inflicts extra damage upon your enemies.
   It affects your intelligence (+4).
   It affects your dexterity (+3).
   It affects your resistance to hostile enchantments.
Missiles
 i - 5 throwing nets {!f}
 v - 18 curare-tipped darts (quivered)
 x - 108 poisoned darts
Armour
 b - a +1 helmet (worn)
 c - a +0 shield (worn)
 j - +0 fire dragon scales
 o - a +1 pair of gloves (worn)
 E - a +0 plate armour (worn)
 K - a +2 naga barding of stealth (worn)
 W - a +0 cloak of magic resistance (worn)
Magical Staves
 T - an uncursed staff of wizardry
Jewellery
 l - an uncursed ring of wizardry
 m - an uncursed ring of resist corrosion
 C - a +5 ring of intelligence
 D - a cursed +3 ring of evasion (left hand)
 O - an uncursed ring of ice
Wands
 u - a wand of paralysis (5)
 y - a wand of digging (6)
 B - a wand of flame (33)
 I - a wand of acid (3)
 M - a wand of iceblast (13)
 R - a wand of scattershot (3)
 S - a wand of enslavement (8)
Scrolls
 e - 2 scrolls of magic mapping
 h - a scroll of noise
 k - 4 scrolls of teleportation {@r3}
 n - 12 scrolls of remove curse {@r2}
 w - 2 scrolls of silence {!r}
 F - 2 scrolls of fear
 H - a scroll of fog
 J - 2 scrolls of immolation
 L - 2 scrolls of amnesia
 N - a scroll of blinking {!r@r4}
 P - 2 scrolls of enchant weapon
 U - a scroll of summoning
 V - 2 scrolls of identify {@r1}
 Y - a scroll of vulnerability
Potions
 d - 3 potions of might {@q4}
 g - 2 potions of brilliance
 p - 2 potions of resistance {@q6}
 q - 7 potions of mutation
 r - 10 potions of curing {@q1}
 s - 4 potions of haste {@q3}
 t - 6 potions of heal wounds {@q2}
 z - 2 potions of flight
 G - 3 potions of magic
 Q - a potion of ambrosia
 X - a potion of cancellation
Books
 A - a manual of Translocations
Comestibles
 f - 24 rations


   Skills:
 - Level 8.0 Fighting
 + Level 15.4 Maces & Flails
 + Level 10.3 Armour
 - Level 3.4 Dodging
 - Level 9.0 Shields
 * Level 4.8 Translocations
 - Level 12.0 Invocations
 - Level 6.6 Evocations


You had 12 spell levels left.
You knew the following spells:

 Your Spells              Type           Power        Failure   Level  Hunger
a - Blink                 Tloc           N/A          67%         2    ###....

Your spell library contained the following spells:

 Spells                   Type           Power        Failure   Level  Hunger
 Corona                   Hex            #......      99%         1    ##.....
 Magic Dart               Conj           #...         99%         1    ##.....
 Sting                    Conj/Pois      #...         99%         1    ##.....
 Call Imp                 Summ           #.......     100%        2    ###....
 Ensorcelled Hibernation  Hex/Ice        #.....       100%        2    ###....
 Poisonous Vapours        Pois/Air       #.....       100%        2    ###....
 Slow                     Hex            #.......     100%        2    ###....
 Confuse                  Hex            #.......     100%        3    ####...
 Conjure Flame            Conj/Fire      #.......     100%        3    ####...
 Dazzling Spray           Conj/Hex       #.....       100%        3    ####...
 Ignite Poison            Fire/Tmut/Pois #.......     100%        3    ####...
 Mephitic Cloud           Conj/Pois/Air  #.......     100%        3    ####...
 Tukima's Dance           Hex            #.......     100%        3    ####...
 Ice Form                 Ice/Tmut       #.......     100%        4    #####..
 Olgreb's Toxic Radiance  Pois           #.......     100%        4    #####..
 Fireball                 Conj/Fire      #.........   100%        5    ######.
 Metabolic Englaciation   Hex/Ice        #.........   100%        5    ######.
 Venom Bolt               Conj/Pois      #.........   100%        5    ######.
 Bolt of Cold             Conj/Ice       #.........   100%        6    #######
 Bolt of Fire             Conj/Fire      #.........   100%        6    #######
 Freezing Cloud           Conj/Ice/Air   #.........   100%        6    #######
 Ozocubu's Refrigeration  Ice            #.........   100%        6    #######
 Simulacrum               Ice/Necr       #.........   100%        6    #######
 Ring of Flames           Chrm/Fire      #.........   100%        7    #######
 Ignition                 Fire           #.........   100%        8    #######


Dungeon Overview and Level Annotations

Branches:
Dungeon (15/15)            Temple (0/1) D:4            Lair (0/6) D:8
    Orc (0/2) D:12         Vaults (0/5) D:13         Depths (1/5) D:15

Altars:
Cheibriados
Dithmenos
Elyvilon
Gozag
Hepliaklqana
Kikubaaqudgha
Sif Muna
Vehumet
Wu Jian
Xom
Yredelemnul
Zin

Shops:
D:6 ((!?%   D:8 (   D:12 (   D:13 }   D:14 }


Innate Abilities, Weirdness & Mutations

You cannot wear boots.
Your serpentine skin is tough. (AC +5)
You have supernaturally acute eyesight. (SInv)
Armour fits poorly on your strangely shaped body.
Your system is resistant to poisons. (rPois)
You cover ground very slowly.
You have a slow metabolism.
You can spit poison.
You can use your snake-like lower body to constrict enemies.


Message History

The fire giant is no longer moving slowly.
Press: ? - help, v - describe, . - travel
Here: a great orb of eyes The floor.
Evoke which item? (* to show all) (? for menu, Esc to quit)
Aiming: Corrosive Bolt
Press: ? - help, Shift-Dir - straight line, f - great orb of eyes, p - fire giant
Aim: a great orb of eyes The bolt of acid hits the fire giant!
The fire giant is splashed with acid.
The fire giant is almost dead.
The bolt of acid hits the great orb of eyes!
The great orb of eyes is splashed with acid.
The great orb of eyes is lightly wounded.
The fire giant casts a spell at you. The bolt of fire hits you!
* * * LOW HITPOINT WARNING * * *
You feel much better.
The fire giant points at you and mumbles some strange words.
The fireball explodes!
The fireball engulfs you!!!
You die...

#.# ##....#....≈≈##.............
#.###..##...#..≈#...............
#...........'..≈###≈...!........
#..##########..≈###≈............
#.^.........#..≈≈≈≈≈............
+..########.#...................
#### #.#######'###......... ##
## ###.#######...'......(..
c..#.. #....GC@.....##.........
#...####.#######..##.........
#..'..#)# #..##...)(....
#.D'(.C(#######..#####'#####
#..#######..........(†.# #..
######.#####.####..# ..#
#............# #[## .O
######.####### #.# O #.# #.#


You could see a fire giant (dazed) and a great orb of eyes.

Vanquished Creatures
  Nikola Rupert Kirke
  A fire giant
  A frost giant
  3 very ugly things
  2 stone giants
  A juggernaut skeleton
  A merfolk javelineer
  An ettin
  3 fire dragons
  A yaktaur captain
  A great orb of eyes
  2 ice dragons
  2 rakshasas Harold
  2 hydras
  A hell beast
  6 centaur warriors
  A queen ant
  8 two-headed ogres
  2 ogre magi
  The ghost of Jiusaowa the Nimble, a novice FoCK of Gozag
  A soul eater Sonja
  4 unseen horrors
  A deep elf archer
  A necromancer Pikel
  2 wolf spider zombies
  2 deep elf magi
  An orb spider (shapeshifter)
  12 ugly things
  5 cyclopes
  2 rust devils
  3 centaur zombies
  An orange demon
  A guardian serpent (shapeshifter)
  2 gargoyles
  4 centaur skeletons
  2 efreet
  2 komodo dragons
  4 yaktaurs
  3 tengu conjurers
  A red devil
  4 trolls Grinder
  4 hippogriffs
  2 deep troll zombies
  A shadow
  A spriggan (shapeshifter)
  A water elemental
  A spriggan skeleton
  A spriggan
  6 yaks
  3 wraiths
  2 wyverns
  A fire bat Eustachio
  A fire elemental
  2 steam dragons
  18 vampire mosquitoes
  3 soldier ants
  A soldier ant (shapeshifter)
  2 water moccasins
  2 acid dragons
  3 hell hounds
  2 phantoms
  6 sky beasts
  11 orc warriors
  An ice beast
  A black bear
  2 hornet zombies
  11 ogres
  A necrophage
  22 centaurs
  A crocodile
  4 big kobolds
  7 bullfrogs
  A gnoll sergeant
  A wyvern zombie
  4 wyvern skeletons
  6 scorpions
  A water moccasin skeleton
  13 killer bees
  7 wights
  An electric eel
  4 howler monkeys
  14 crimson imps
  A quasit
  A bullfrog zombie
  4 hounds
  3 jellies
  11 orc priests
  2 iron imps
  2 bullfrog skeletons
  A gnoll shaman Jessica
  2 iguanas
  19 orc wizards
  27 worker ants
  A worker ant zombie
  14 gnolls
  17 adders
  4 shadow imps
  2 white imps
  An adder zombie
  2 adder skeletons
  3 worms
  2 dart slugs
  6 leopard geckos
  47 orcs
  10 bats
  3 giant cockroaches
  6 goblins
  11 hobgoblins
  3 quokkas
  3 ball pythons
  5 frilled lizards
  30 kobolds
  A quokka skeleton
  8 rats
  A fungus
536 creatures vanquished.

Vanquished Creatures (others)
  A human
  An ogre
  A bullfrog
  2 crimson imps
  2 orc wizards
  A gnoll
  2 orcs
  A kobold
  A quokka
  10 fungi
  2 pillars of salt
24 creatures vanquished.

Grand Total: 560 creatures vanquished

Notes
Turn   | Place    | Note
-------+----------+-------------------------------------------
     0 | D:1      | duhzwarrior the Naga Fighter began the quest for the Orb.
     0 | D:1      | Reached XP level 1. HP: 21/21 MP: 1/1
   189 | D:1      | Reached XP level 2. HP: 27/28 MP: 2/2
   983 | D:2      | Reached skill level 3 in Maces & Flails
   983 | D:2      | Reached XP level 3. HP: 24/34 MP: 3/3
  1172 | D:2      | Noticed Jessica
  1192 | D:2      | Killed Jessica
  1192 | D:2      | Reached XP level 4. HP: 37/43 MP: 4/4
  1687 | D:2      | Reached skill level 4 in Maces & Flails
  2109 | D:3      | Reached skill level 4 in Fighting
  2109 | D:3      | Reached XP level 5. HP: 36/50 MP: 5/5
  2566 | D:3      | Reached skill level 5 in Maces & Flails
  2576 | D:3      | Reached XP level 6. HP: 56/58 MP: 6/6
  2684 | D:3      | Noticed Grinder
  2706 | D:3      | Paralysed by Grinder for 7 turns
  2722 | D:3      | Killed Grinder
  2722 | D:3      | Reached skill level 6 in Maces & Flails
  2793 | D:3      | Found a glowing silver altar of Zin.
  2793 | D:3      | Noticed an angel
  2831 | D:3      | Became a worshipper of Zin the Law-Giver
  2831 | D:3      | Reached * piety under Zin
  3018 | D:3      | Reached skill level 5 in Fighting
  3087 | D:3      | Reached XP level 7. HP: 67/67 MP: 7/7
  3380 | D:3      | Reached skill level 3 in Armour
  3491 | D:4      | Found a staircase to the Ecumenical Temple.
  3507 | D:4      | Reached ** piety under Zin
  3610 | D:4      | Reached skill level 1 in Invocations
  3813 | D:4      | Noticed a hippogriff
  3826 | D:4      | Killed a hippogriff
  3826 | D:4      | Reached skill level 2 in Invocations
  3826 | D:4      | Reached XP level 8. HP: 52/75 MP: 7/9
  3836 | D:4      | Reached skill level 7 in Maces & Flails
  4232 | D:4      | Reached skill level 3 in Invocations
  4404 | D:5      | Entered Level 5 of the Dungeon
  4459 | D:5      | Noticed Pikel
  4471 | D:5      | Killed Pikel
  4471 | D:5      | Reached skill level 6 in Fighting
  4471 | D:5      | Reached skill level 8 in Maces & Flails
  4567 | D:5      | Reached XP level 9. HP: 85/85 MP: 11/11
  4672 | D:5      | Reached skill level 4 in Armour
  4854 | D:5      | Found a shimmering blue altar of Sif Muna.
  4890 | D:5      | Noticed Eustachio
  4898 | D:5      | Killed Eustachio
  4944 | D:5      | Reached skill level 4 in Invocations
  5193 | D:6      | Found Veig's Food Shop.
  5210 | D:6      | Reached *** piety under Zin
  5216 | D:6      | Found a shadowy altar of Dithmenos.
  5364 | D:6      | Got an ancient leather armour
  5371 | D:6      | Found Diakubbi's Distillery.
  5378 | D:6      | Bought 2 potions of heal wounds for 120 gold pieces
  5390 | D:6      | Found Poklakk's Antique Weapon Shop.
  5429 | D:6      | Found Sykiurgh's Antique Weapon Emporium.
  5498 | D:6      | Found a glowing drain.
  5526 | D:6      | Identified the +1 leather armour of Woed {rC+ Slay+3} (You
                  | found it on level 6 of the Dungeon)
  5662 | D:6      | Reached skill level 7 in Fighting
  5808 | D:6      | Found a radiant altar of Vehumet.
  5809 | D:6      | Found a shimmering altar of Xom.
  5809 | D:6      | Found a snail-covered altar of Cheibriados.
  5848 | D:6      | Found an ornate altar of the Wu Jian Council.
  5849 | D:6      | Found a hazy altar of Hepliaklqana.
  5849 | D:6      | Found a white marble altar of Elyvilon.
  5851 | D:6      | Found Ygrupt's Magic Scroll Shop.
  5862 | D:6      | Bought a scroll of silence for 105 gold pieces
  5862 | D:6      | Bought a scroll of identify for 28 gold pieces
  5862 | D:6      | Bought a scroll of identify for 28 gold pieces
  5862 | D:6      | Bought a scroll of identify for 28 gold pieces
  6185 | D:6      | Reached skill level 5 in Invocations
  6217 | D:6      | Reached skill level 9 in Maces & Flails
  6401 | D:6      | Reached skill level 5 in Armour
  6529 | D:6      | Reached **** piety under Zin
  6838 | D:6      | Bought a scroll of enchant armour for 105 gold pieces
  7014 | D:7      | Reached skill level 6 in Invocations
  7018 | D:7      | Found an ancient bone altar of Kikubaaqudgha.
  7061 | D:7      | Reached XP level 10. HP: 91/94 MP: 14/14
  7106 | D:7      | Reached skill level 6 in Armour
  7402 | D:7      | Reached ***** piety under Zin
  8052 | D:8      | Reached skill level 10 in Maces & Flails
  8210 | D:7      | Noticed a rust devil
  8210 | D:7      | Noticed a rust devil
  8422 | D:8      | Reached skill level 3 in Shields
  8456 | D:8      | Noticed Harold
  8475 | D:8      | Killed Harold
  8475 | D:8      | Reached skill level 4 in Shields
  8475 | D:8      | Reached skill level 7 in Invocations
  8546 | D:8      | Killed a rust devil
  8758 | D:7      | Killed a rust devil
  8758 | D:7      | Reached skill level 5 in Shields
  8758 | D:7      | Reached XP level 11. HP: 100/100 MP: 16/16
  8761 | D:7      | Got an ebony morningstar
  8762 | D:7      | Identified the +5 morningstar of Irelis {crush, MR+ Int+4
                  | Dex+3} (You found it on level 7 of the Dungeon)
  9165 | D:8      | Noticed a queen ant
  9173 | D:8      | Killed a queen ant
  9302 | D:8      | Reached skill level 8 in Invocations
  9496 | D:8      | Found a staircase to the Lair.
  9562 | D:8      | Found Qodexzah's Antique Weapon Shoppe.
  9799 | D:9      | Reached skill level 6 in Shields
 10751 | D:9      | Reached skill level 8 in Fighting
 10751 | D:9      | Reached skill level 1 in Dodging
 10852 | D:10     | Entered Level 10 of the Dungeon
 10978 | D:10     | Noticed a two-headed ogre
 10986 | D:10     | Killed a two-headed ogre
 11188 | D:10     | Found a basalt altar of Yredelemnul.
 11298 | D:10     | Reached skill level 2 in Dodging
 11745 | D:11     | Noticed a cyclops
 11745 | D:11     | Noticed Sonja
 11756 | D:11     | Killed a cyclops
 11756 | D:11     | Reached skill level 3 in Dodging
 11761 | D:11     | Killed Sonja
 11761 | D:11     | Reached skill level 11 in Maces & Flails
 11761 | D:11     | Reached skill level 9 in Invocations
 11761 | D:11     | Reached XP level 12. HP: 58/110 MP: 18/18
 12082 | D:11     | Reached skill level 1 in Evocations
 12504 | D:11     | Reached skill level 2 in Evocations
 12918 | D:12     | Noticed a six-headed hydra
 12924 | D:12     | Killed a six-headed hydra
 12938 | D:12     | Reached skill level 3 in Evocations
 12970 | D:12     | Found a staircase to the Orcish Mines.
 13218 | D:12     | Found Ulevoipe's Antique Weapon Emporium.
 13274 | D:12     | Identified a scroll of acquirement
 13297 | D:12     | Noticed Kirke
 13327 | D:12     | Killed Kirke
 13327 | D:12     | Reached skill level 12 in Maces & Flails
 13327 | D:12     | Reached skill level 7 in Armour
 13363 | D:12     | Reached skill level 10 in Invocations
 13648 | D:12     | Found a transporter.
 13688 | D:12     | Found a transporter.
 13753 | D:12     | Reached skill level 4 in Evocations
 14009 | D:12     | Got a dazzling long sword
 14011 | D:12     | Reached ****** piety under Zin
 14113 | D:13     | Found a runed translucent gate.
 14114 | D:13     | Found a runed translucent gate.
 14114 | D:13     | Found an opulent altar of Gozag.
 14114 | D:13     | Found a runed translucent gate.
 14114 | D:13     | Noticed Jiusaowa's ghost (novice FoCK)
 14210 | D:13     | Gained mutation: You can use your snake-like lower body to
                  | constrict enemies. [Naga growth]
 14210 | D:13     | Reached XP level 13. HP: 91/117 MP: 20/20
 14552 | D:13     | Reached skill level 7 in Shields
 14613 | D:13     | Found a gate to the Vaults.
 14614 | D:13     | Noticed a yaktaur captain
 14620 | D:13     | Noticed a great orb of eyes
 14623 | D:13     | Killed a yaktaur captain
 14623 | D:13     | Reached skill level 8 in Armour
 14634 | D:13     | Killed a great orb of eyes
 15003 | D:13     | Found Soxevil's Gadget Shop.
 15402 | D:12     | Got a crystal short sword
 15558 | D:13     | Reached skill level 13 in Maces & Flails
 16012 | D:14     | Found Caxzolap's Gadget Shoppe.
 16018 | D:14     | Bought a wand of digging (2) for 144 gold pieces
 16490 | D:14     | Reached skill level 11 in Invocations
 16923 | D:14     | Killed Jiusaowa's ghost
 16923 | D:14     | Reached skill level 5 in Evocations
 17188 | D:15     | Entered Level 15 of the Dungeon
 17196 | D:15     | Reached XP level 14. HP: 126/126 MP: 22/22
 17262 | D:15     | Noticed Rupert
 17275 | D:15     | Killed Rupert
 17275 | D:15     | Reached skill level 8 in Shields
 17327 | D:15     | Reached skill level 14 in Maces & Flails
 17327 | D:15     | Reached skill level 6 in Evocations
 18335 | D:15     | Found a staircase to the Depths.
 18820 | D:6      | Bought a scroll of magic mapping for 49 gold pieces
 18820 | D:6      | Bought a scroll of enchant weapon for 105 gold pieces
 18954 | D:13     | Bought a wand of enslavement (9) for 176 gold pieces
 18991 | D:14     | Bought a wand of iceblast (6) for 120 gold pieces
 19045 | Depths:1 | Entered Level 1 of the Depths
 19196 | Depths:1 | Noticed a stone giant
 19214 | Depths:1 | Killed a stone giant
 19302 | Depths:1 | Reached skill level 12 in Invocations
 19382 | Depths:1 | Noticed a fire giant
 19393 | Depths:1 | Noticed a brown very ugly thing
 19393 | Depths:1 | Noticed a brown very ugly thing
 19395 | Depths:1 | Noticed a brown very ugly thing
 19397 | Depths:1 | Killed a fire giant
 19642 | Depths:1 | Killed a red very ugly thing
 19670 | D:15     | Killed a white very ugly thing
 19684 | D:15     | Killed a brown very ugly thing
 19721 | Depths:1 | Reached skill level 9 in Armour
 19753 | Depths:1 | Reached skill level 9 in Shields
 19994 | Depths:1 | Noticed a frost giant
 20027 | Depths:1 | Killed a frost giant
 20307 | Depths:1 | Reached XP level 15. HP: 109/132 MP: 24/24
 20660 | Depths:1 | Reached skill level 15 in Maces & Flails
 21295 | Depths:1 | Reached skill level 10 in Armour
 21446 | Depths:1 | Learned a level 2 spell: Blink
 21476 | Depths:1 | Noticed Nikola
 21498 | Depths:1 | Killed Nikola
 21498 | Depths:1 | Reached skill level 3 in Translocations
 21710 | Depths:1 | Reached skill level 4 in Translocations
 21733 | Depths:1 | Noticed a fire giant
 21749 | Depths:1 | HP: 22/132 [fire giant/bolt of fire (14)]
 21750 | Depths:1 | Killed from afar by a fire giant

Levels and vault maps discovered:
D:1:      doesnt_arrival_eight_statues, layout_loops_ring
D:2:      layout_loops_ring, first_ration, minmay_quantized, uniq_jessica
D:3:      layout_basic, zin_angel, grunt_ministairs_1, wad_orctagon,
          uniq_grinder
D:4:      layout_cave_pods, minmay_temple_entry_statues_fountains,
          minmay_manual_maat
D:5:      layout_loops_ring, lemuel_doored_altar,
          chequers_serial_rivers_micro_c, uniq_pikel, uniq_eustachio
D:6:      kennysheep_housing_project, layout_basic, grunt_temple_overflow_open,
          serial_shops, nicolae_shop_behind_doors, shop, shop,
          nicolae_shop_trees, shop, portal_sewer_entry_d,
          nicolae_dithmenos_shadow_blocks
D:7:      cheibrodos_iron_armory, layout_basic, nicolae_overflow_crystal_walls,
          the_bakery, minivault_25
D:8:      old_forge, layout_basic, lair_entry_dummy, serial_shops, shop,
          minmay_another_anthill, uniq_harold
D:9:      layout_long_grid
D:10:     layout_stronghold, basic_altar, serial_bayou_pond_b
D:11:     layout_roguey, grunt_decor_arrowhead,
          hangedman_abyss_or_decor_lesser_grid, uniq_sonja
D:12:     gammafunk_cloud_chamber, layout_loops_ring, serial_shops, shop,
          minivault_5, grunt_ministairs_1, roderic_lattice_a, uniq_kirke
D:13:     layout_irregular_city, david_vaults_2, ebering_ghost_gozag,
          serial_shops, kennysheep_mini, serial_column_ruins,
          column_ruins_grid_3, column_ruins_grid_1, column_ruins_grid_1,
          column_ruins_open_large, column_ruins_columns_straight,
          column_ruins_grid_2
D:14:     layout_small_grid, serial_shops, nicolae_shop_crystal,
          serial_park_square1 [serial_park_minivault_5x5_6]
D:15:     grunt_enter_depths_hoard, layout_gridville, serial_bayou_ford_a,
          uniq_rupert
Depths:1: layout_gridlike, grunt_hell_entry_demonic_statue,
          serial_sigils_hangedman_scratch, hangedman_corner_corridor,
          uniq_nikola

Skill      XL: |  1  2  3  4  5  6  7  8  9 10 11 12 13 14 15 |
---------------+----------------------------------------------+-----
Maces & Flails | 3 4 5 6 8 9 10 11 12 13 14 15 | 15.4
Fighting       | 4 5 6 7 8 |  8.0
Armour         | 3 5 6 7 8 9 10 | 10.3
Invocations    | 2 3 6 7 9 10 11 12 | 12.0
Shields        | 5 6 7 9 |  9.0
Dodging        | 3 |  3.4
Evocations     | 4 5 6 |  6.6
Translocations | 4 |  4.8

Action                   |  1- 3 |  4- 6 |  7- 9 | 10-12 | 13-15 || total
-------------------------+-------+-------+-------+-------+-------++-------
Melee: Flail             |    47 |   147 |   324 |   224 |       ||   742
       Morningstar       |       |       |       |   495 |   549 ||  1044
       Constrict         |       |       |       |       |    90 ||    90
Throw: Stone             |     7 |     6 |       |       |       ||    13
       Dart              |       |       |    30 |    27 |    32 ||    89
       Throwing net      |       |       |       |     2 |     1 ||     3
Invok: Recite            |       |       |    18 |    38 |    34 ||    90
       Vitalisation      |       |       |     1 |     2 |     1 ||     4
       Imprison          |       |       |       |       |     3 ||     3
       Sanctuary         |       |       |       |       |     1 ||     1
 Abil: Spit Poison       |    15 |    34 |    48 |    50 |    14 ||   161
Evoke: Wand              |       |       |     1 |    17 |    27 ||    45
       Phantom mirror    |       |       |       |       |     1 ||     1
  Use: Scroll            |     1 |     1 |    13 |    10 |     8 ||    33
       Potion            |       |     2 |       |     1 |     6 ||     9
 Stab: Confused          |       |       |     1 |     7 |     5 ||    13
       Invisible         |       |       |       |     8 |       ||     8
       Paralysed         |       |       |       |    16 |     5 ||    21
       Held in net/web   |       |       |       |     2 |     1 ||     3
  Eat: Chunk             |     1 |     7 |    13 |    14 |     2 ||    37
       Ration            |       |       |       |     3 |     5 ||     8
Armor: Scale mail        |    17 |    48 |   108 |       |       ||   173
       Skin              |       |    16 |       |       |       ||    16
       Leather armour    |       |       |    29 |       |    16 ||    45
       Plate armour      |       |       |    20 |   436 |   180 ||   636
       Chain mail        |       |       |       |       |     1 ||     1
       Fire dragon scale |       |       |       |       |    28 ||    28
Dodge: Dodged            |    12 |    29 |    62 |   133 |   143 ||   379
Block: Shield            |    27 |    63 |   129 |   420 |   266 ||   905

Table legend:
 A = Non-vault XP
 B = Vault XP
 C = Vault XP percentage of total XP
 D = Non-vault monster count
 E = Vault monster count
 F = Vault count percentage of total count
                 A         B        C        D         E       F
            +---------+---------+-------+---------+---------+-------
      Total |   76497 |   29348 |  27.7 |     404 |     132 |  24.6
            +---------+---------+-------+---------+---------+-------
        D:1 |      29 |       0 |   0.0 |      17 |       0 |   0.0
        D:2 |      61 |      70 |  53.4 |      14 |       6 |  30.0
        D:3 |     274 |     274 |  50.0 |      33 |       7 |  17.5
        D:4 |     505 |     408 |  44.7 |      18 |       3 |  14.3
        D:5 |     466 |     825 |  63.9 |      17 |       2 |  10.5
        D:6 |     423 |    1074 |  71.7 |       8 |      31 |  79.5
        D:7 |    1740 |     778 |  30.9 |      29 |       3 |   9.4
        D:8 |    1162 |    3793 |  76.5 |      26 |      35 |  57.4
        D:9 |    1857 |       0 |   0.0 |      17 |       0 |   0.0
       D:10 |    2288 |     452 |  16.5 |      28 |       2 |   6.7
       D:11 |    4399 |     795 |  15.3 |      43 |       1 |   2.3
       D:12 |    5757 |    3219 |  35.9 |      23 |      11 |  32.4
       D:13 |    9187 |    3038 |  24.9 |      41 |       6 |  12.8
       D:14 |    9999 |    1208 |  10.8 |      31 |       2 |   6.1
       D:15 |    7964 |    4949 |  38.3 |      19 |       3 |  13.6
   Depths:1 |   30386 |    8465 |  21.8 |      40 |      20 |  33.3
            +---------+---------+-------+---------+---------+-------
